Map: Jagannatha LE

Players

Cham - Winner!

  • Race: Zerg Zerg
  • League: Master

Pacomike

  • Race: Protoss Protoss
  • League: Grandmaster

Event: DreamHack SC2 Masters 2021 Summer

VOD

Have the link to the VOD?

Description

Time

  • Played on: May 19, 2021, 5:01 p.m.
  • Length: 12:23

All games in this series

Show
View Real Time Build Order
Export as new Build Order

Cham Zerg - Winner!

Build Orders: Hatch First 

Get SALT Encoding   

  12  0:01  Drone  
  13  0:08  Drone  
  14  0:17  Overlord  
  14  0:36  Drone x2  
  16  0:49  Hatchery  
  15  0:51  Drone  
  15  0:55  Drone  
  17  0:59  Drone  
  18  1:10  Extractor  
  17  1:13  Spawning Pool  
  17  1:17  Drone  
  17  1:21  Drone  
  18  1:33  Drone  
  19  1:43  Drone  
  20  1:52  Overlord  
  20  2:00  Queen  
  20  2:01  Queen  
  24  2:02  Zergling x4  
  26  2:12  Drone  
  26  2:15  Metabolic Boost  
  27  2:16  Drone  
  28  2:25  Drone x2  
  30  2:36  Hatchery  
  29  2:42  Queen  
  31  2:46  Overlord  
  31  2:49  Drone  
  31  2:50  Drone  
  33  2:55  Drone  
  33  2:58  Overlord  
  34  3:04  Drone  
  35  3:13  Drone x6  
  35  3:15  Drone  
  42  3:21  Queen  
  44  3:30  Queen  
  44  3:31  Overlord  
  46  3:36  Spore Crawler  
  46  3:39  Drone x2  
  48  3:41  Zergling x4  
  48  3:45  Zergling x2  
  50  3:51  Drone x5  
  55  3:56  Spore Crawler, Drone  
  55  3:58  Drone x2  
  55  4:02  Drone  
  58  4:05  Overlord  
  58  4:08  Drone  
  59  4:14  Drone  
  59  4:16  Drone  
  61  4:17  Overlord  
  61  4:20  Drone  
  62  4:25  Drone x6  
  62  4:29  Roach Warren  
  62  4:30  Extractor  
  66  4:32  Lair  
  66  4:33  Drone  
  66  4:37  Drone x2  
  69  4:44  Overlord  
  69  4:46  Drone x2  
  69  4:47  Drone, Extractor, Evolution Chamber  
  69  4:48  Drone x2  
  69  4:50  Drone x2  
  69  4:52  Overlord  
  74  4:59  Overlord  
  74  5:05  Drone x5  
  79  5:09  Extractor  
  79  5:11  Drone x2  
  79  5:12  Extractor, Drone  
  79  5:13  Extractor  
  78  5:15  Drone x3  
  78  5:20  Overlord  
  80  5:23  Zerg Missile Weapons Level 1  
  80  5:26  Hatchery  
  80  5:28  Overlord, Drone  
  80  5:32  Spire  
  80  5:35  Overlord  
  79  5:39  Roach x4  
  79  5:41  Overlord  
  87  5:45  Overlord  
  87  5:46  Zergling x8  
  91  5:53  Drone x6  
  91  5:55  Spore Crawler  
  96  5:58  Drone x3  
  96  6:01  Drone  
  96  6:02  Drone x2  
  102  6:07  Drone  
  102  6:08  Overlord  
  102  6:10  Drone  
  104  6:13  Overlord  
  104  6:14  Extractor  
  104  6:17  Extractor  
  104  6:18  Overlord x3  
  102  6:23  Overlord  
  102  6:26  Spore Crawler, Drone  
  102  6:34  Spore Crawler  
  99  6:46  Corruptor x7  
  101  6:53  Corruptor x2  
  111  6:56  Corruptor  
  111  7:01  Drone x4  
  111  7:02  Drone  
  111  7:07  Drone  
  115  7:08  Corruptor x2  
  115  7:11  Drone x2  
  115  7:14  Drone  
  117  7:16  Corruptor  
  117  7:20  Corruptor  
  121  7:29  Corruptor  
  115  7:30  Corruptor  
  115  7:35  Drone x6  
  125  7:37  Drone  
  125  7:42  Drone x2  
  128  7:47  Zerg Flyer Weapons Level 1, Corruptor x2  
  132  7:52  Corruptor  
  132  7:54  Overlord  
  134  7:59  Overlord x2  
  134  8:00  Zerg Missile Weapons Level 2  
  134  8:03  Roach x2  
  138  8:06  Overlord  
  138  8:08  Roach  
  138  8:09  Overlord  
  138  8:11  Roach  
  142  8:13  Overlord  
  142  8:14  Roach  
  142  8:16  Roach  
  142  8:18  Roach  
  142  8:19  Roach  
  150  8:21  Roach  
  150  8:22  Roach  
  150  8:24  Glial Reconstitution  
  153  8:29  Roach x4  
  153  8:36  Corruptor x2  
  157  8:43  Overlord  
  157  8:48  Roach x7  
  171  8:51  Roach  
  171  8:53  Roach x2  
  177  8:57  Zergling x4  
  177  8:58  Zergling x2, Ravager x5  
  177  9:00  Roach  
  187  9:05  Zergling x2  
  188  9:11  Roach x5  
  188  9:12  Zergling x2  
  199  9:21  Zergling x2  
  184  9:31  Infestation Pit  
  184  9:35  Queen x4  
  182  9:41  Corruptor  
  182  9:42  Corruptor x6  
  182  9:44  Zergling x4  
  194  9:48  Drone x2  
  194  9:51  Zergling x4  
  194  9:52  Zergling x2  
  187  10:14  Corruptor x7  
  175  10:16  Zergling x8  
  184  10:27  Hatchery  
  184  10:28  Hive  
  179  10:41  Roach x10  
  174  10:45  Spore Crawler x2  
  174  10:47  Spore Crawler  
  174  10:49  Spore Crawler  
  167  10:50  Corruptor x3  
  173  10:57  Roach x3  
  173  10:58  Roach  
  173  11:02  Roach  
  173  11:03  Roach x2  
  187  11:05  Roach  
  167  11:20  Roach  
  167  11:23  Roach x12  
  177  11:28  Roach  
  177  11:29  Roach  
  177  11:30  Roach x2  
  185  11:37  Roach x3  
  177  11:45  Queen  
  170  11:51  Roach  
  170  11:53  Roach x6  
  170  12:03  Roach x5  
Show
View Real Time Build Order
Export as new Build Order

Pacomike Protoss 

Build Orders: 1 Gate Expand, Carrier Rush 

Get SALT Encoding   

  12  0:00  Probe  
  13  0:12  Probe  
  14  0:18  Pylon  
  14  0:25  Probe (Chrono Boost)  
  15  0:37  Probe (Chrono Boost)  
  15  0:39  Gateway  
  16  0:46  Probe (Chrono Boost)  
  16  0:47  Assimilator  
  17  0:52  Probe  
  18  1:04  Probe  
  19  1:16  Probe  
  20  1:24  Nexus  
  20  1:34  Cybernetics Core  
  20  1:37  Probe  
  21  1:42  Assimilator  
  21  1:49  Probe  
  21  1:53  Pylon  
  22  2:01  Probe (Chrono Boost)  
  22  2:08  Adept (Chrono Boost)  
  23  2:13  Probe (Chrono Boost)  
  26  2:20  Probe (Chrono Boost)  
  26  2:22  Stargate  
  27  2:29  Probe (Chrono Boost)  
  28  2:30  Adept  
  28  2:36  Probe (Chrono Boost), Warp Gate  
  32  2:45  Probe x2 (Chrono Boost)  
  32  2:50  Probe (Chrono Boost)  
  33  2:52  Probe  
  35  2:58  Void Ray (Chrono Boost)  
  35  3:03  Probe  
  35  3:04  Probe  
  37  3:07  Gateway  
  41  3:15  Probe  
  41  3:16  Probe  
  43  3:21  Pylon  
  44  3:27  Probe  
  44  3:28  Probe  
  44  3:32  Assimilator  
  44  3:33  Assimilator  
  45  3:39  Probe  
  45  3:40  Probe  
  47  3:45  Fleet Beacon  
  47  3:50  Pylon  
  47  3:51  Probe (Chrono Boost)  
  49  3:57  Probe (Chrono Boost)  
  50  4:03  Probe (Chrono Boost)  
  50  4:06  Stargate  
  50  4:08  Probe x2 (Chrono Boost)  
  52  4:13  Pylon  
  52  4:18  Nexus  
  52  4:20  Probe  
  53  4:27  Probe  
  54  4:37  Shield Battery, Carrier (Chrono Boost)  
  60  4:41  Probe  
  60  4:42  Pylon  
  62  4:50  Carrier (Chrono Boost)  
  67  4:55  Probe  
  67  4:56  Probe  
  69  5:07  Pylon, Probe  
  69  5:10  Probe  
  71  5:19  Protoss Air Weapons Level 1 (Chrono Boost)  
  71  5:20  Probe  
  72  5:24  Probe  
  79  5:28  Pylon  
  79  5:30  Probe  
  79  5:32  Probe  
  81  5:37  Assimilator  
  81  5:38  Carrier (Chrono Boost)  
  81  5:39  Assimilator  
  81  5:45  Carrier (Chrono Boost)  
  81  5:46  Probe  
  81  5:49  Probe x2  
  90  5:53  Pylon  
  90  5:58  Probe  
  90  6:00  Zealot  
  90  6:01  Probe, Zealot  
  90  6:02  Probe  
  97  6:04  Twilight Council  
  97  6:10  Probe  
  98  6:12  Forge  
  98  6:13  Probe  
  99  6:21  Probe, Gateway x2  
  100  6:30  Probe  
  101  6:33  Pylon  
  101  6:34  Carrier  
  101  6:35  Pylon  
  107  6:42  Probe  
  108  6:52  Void Ray  
  108  7:01  Probe x2, Protoss Ground Weapons Level 1 (Chrono Boost)  
  114  7:04  Gateway  
  114  7:05  Gateway  
  114  7:07  Charge  
  114  7:08  Pylon  
  114  7:12  Templar Archives  
  114  7:16  Probe  
  114  7:18  Gateway  
  114  7:22  Gateway  
  115  7:36  Void Ray x2 (Chrono Boost)  
  111  7:42  Stalker x4  
  113  7:49  Gateway x2  
  121  7:51  Photon Cannon  
  121  7:53  Shield Battery  
  121  8:01  Shield Battery  
  121  8:06  Pylon  
  121  8:07  High Templar x2  
  121  8:08  Nexus, High Templar x2  
  121  8:09  Zealot x2  
  121  8:12  Archon x2  
  133  8:17  Void Ray x2  
  139  8:35  Nexus  
  139  8:41  Pylon x2  
  139  8:43  Shield Battery  
  139  8:46  Photon Cannon  
  139  8:54  Void Ray  
  139  8:56  Protoss Ground Weapons Level 2 (Chrono Boost)  
  143  9:06  Protoss Air Weapons Level 2 (Chrono Boost)  
  143  9:12  Robotics Facility  
  143  9:14  Void Ray  
  143  9:15  Probe x2  
  143  9:16  Pylon  
  145  9:19  Pylon  
  149  9:26  Zealot  
  149  9:27  Probe, Zealot x3  
  152  9:34  Zealot x2  
  156  9:51  Probe x3  
  159  9:55  Probe, Photon Cannon  
  159  9:58  Pylon  
  160  10:02  Zealot x3  
  160  10:03  Zealot x5  
  159  10:16  Probe x3  
  152  10:24  High Templar x4  
  152  10:26  Zealot x4  
  152  10:28  Probe, Archon x2  
  157  10:46  Nexus  
  157  10:49  High Templar  
  159  10:50  Zealot x2, High Templar  
  159  10:53  Archon  
  159  10:56  Zealot x3  
  159  10:57  Zealot  
  169  11:13  Zealot x3  
  161  11:24  Zealot x4  
  161  11:25  Zealot  
  149  11:38  Zealot  
  149  11:39  Zealot x2  
  135  11:43  Probe  
  120  11:47  Probe  
  120  11:48  Probe  
  88  11:54  Stalker x2  
  88  11:55  Stalker x3  
  92  12:01  Stalker  
  92  12:02  Stalker x2  
  92  12:07  Assimilator x2  
  98  12:08  Pylon  
Tags
 
Add a new tag
Caveats
  • Supply blocks, unpowered buildings, or Contaminate may cause inaccurate times.
  • Supply counts are checked every 10 seconds.